 Dungeon Crawl Stone Soup version 0.29-a0-330-g52719c12eb (webtiles) character file.

Game seed: 9065216254157669455

1635 tilp the Skirmisher (level 8, -13/69 HPs)
             Began as a White Draconian Hedge Wizard on May 23, 2022.
             Mangled by an orc warrior
             ... wielding a +0 halberd
              (15 damage)
             ... on level 6 of the Dungeon.
             The game lasted 00:13:30 (10002 turns).

tilp the Skirmisher (White Draconian Hedge Wizard) Turns: 10002, Time: 00:13:31

Health: -13/69     AC:  7    Str: 13    XL:     8   Next: 66%
Magic:  21/21      EV: 12    Int: 17    God:
Gold:   344        SH:  0    Dex: 10    Spells: 9/13 levels left

rFire   + + +      SeeInvis .   a - +9 whip of the Twisting Wolf {venom, *Noise rF+++}
rCold   + . .      Faith    .   (no shield)
rNeg    . . .      Spirit   .   (body armour unavailable)
rPois   .          Reflect  .   k - +0 hat
rElec   .          Harm     .   m - +0 cloak
rCorr   .          Rampage  .   (no gloves)
Will    +....                   (no boots)
Stlth   ++........              (no amulet)
HPRegen 0.21/turn               f - ring of magical power
MPRegen 0.17/turn               G - ring of willpower

@: no status effects
A: breathe frost, AC +6, unfitting armour, cold resistance 1, cold-blooded
a: Breathe Frost


You were on level 6 of the Dungeon.
You visited 1 branch of the dungeon, and saw 7 of its levels.
You also visited: Sewer.

You collected 344 gold pieces.

Inventory:

Hand Weapons
 a - the +9 whip of the Twisting Wolf (weapon) {venom, *Noise rF+++}
   (You took it off a gnoll on level 6 of the Dungeon)

   It poisons the flesh of those it strikes.
   rF:        It renders you almost immune to fire.
   *Noise:    It may make noises in combat.
 b - a +0 hunting sling
 d - a +0 flail
 g - a +0 short sword of venom
 j - a +0 short sword of speed
 r - a +2 dagger of speed
 u - a +1 long sword of holy wrath
 y - a +0 trident
 A - a +3 vampiric spear
 C - a +2 trident of freezing
Missiles
 e - 189 stones (quivered)
 x - 2 javelins
 B - 2 throwing nets
Armour
 k - a +0 hat (worn)
 m - a +0 cloak (worn)
 v - a scarf of harm
 w - an orb of mayhem
 H - a +0 buckler
Jewellery
 f - a ring of magical power (left hand)
 G - a ring of willpower (right hand)
Scrolls
 l - a scroll of teleportation
 q - 2 scrolls of blinking
 z - a scroll of enchant weapon
 D - a scroll of magic mapping
 F - 2 scrolls of fear {unknown}
Potions
 c - 2 potions of magic
 i - a potion of flight
 n - a potion of mutation
 o - 4 potions of heal wounds
 p - a potion of invisibility
 s - a potion of might {unknown}
 t - 2 potions of ambrosia
 E - a potion of attraction {unknown}


   Skills:
 + Level 5.4 Fighting
 + Level 3.5 Throwing
 - Level 4.0 Dodging
 + Level 3.7 Stealth
 - Level 3.0 Spellcasting
 + Level 5.2 Conjurations
 - Level 2.0 Hexes
 - Level 1.0 Summonings
 - Level 4.0 Translocations


You had 9 spell levels left.
You knew the following spells:

 Your Spells              Type           Power      Damage    Failure   Level
a - Magic Dart            Conj           80%        1d7       1%          1
b - Slow                  Hex            36%        N/A       8%          1
c - Blink                 Tloc           32%        N/A       4%          2

Your spell library contained the following spells:

 Spells                   Type           Power      Damage    Failure   Level
 Portal Projectile        Hex/Tloc       24%        N/A       16%         3
 Animate Skeleton         Necr           4%         N/A       17%         1
 Pain                     Necr           8%         1d4       17%         1
 Call Imp                 Summ           5%         N/A       17%         2
 Conjure Flame            Conj/Fire      11%        6-21      19%         3
 Confusing Touch          Hex            9%         N/A       22%         3
 Mephitic Cloud           Conj/Pois/Air  8%         N/A       26%         3
 Call Canine Familiar     Summ           5%         N/A       34%         3
 Vampiric Draining        Necr           2%         2d6       45%         3
 Leda's Liquefaction      Hex/Erth       2%         N/A       75%         4
 Blade Hands              Tmut           1%         N/A       99%         5
 Excruciating Wounds      Necr           1%         N/A       99%         5


Dungeon Overview and Level Annotations

Branches:
Dungeon (7/15)              Sewer (visited)
 Temple: D:4-7

Altars:
Fedhas
The Shining One

Annotations:
D:4 exclusion: black bear
D:5 exclusions: ice beast and water moccasin


Innate Abilities, Weirdness & Mutations

You can breathe waves of freezing cold which knock back foes.
Your icy white scales are hard. (AC +6)
You cannot fit into any form of body armour.
Your flesh is cold resistant. (rC+)
You are cold-blooded and may be slowed by cold attacks.


Message History

The centaur is lightly wounded.
The centaur hits you but does no damage.
The centaur kicks you. The orc warrior closely misses you.
The centaur barely misses you.
The centaur kicks you but does no damage.
You whack the centaur!
The centaur is heavily wounded.
The centaur hits you. The centaur closely misses you.
The orc warrior closely misses you.
Unknown command.
You hit the centaur but do no damage.
The centaur looks as sick as possible!
The centaur is severely wounded.
The centaur closely misses you.
The centaur kicks you but does no damage.
The orc warrior closely misses you.
The centaur hits you but does no damage.
The centaur barely misses you.
You hit the centaur but do no damage.
The centaur is severely wounded.
The centaur hits you but does no damage.
The centaur kicks you but does no damage.
The orc warrior hits you from afar with a +0 halberd!
* * * LOW HITPOINT WARNING * * *
The centaur hits you but does no damage.
The centaur kicks you but does no damage.
You barely miss the centaur.
The centaur is almost dead.
You kill the centaur!
The orc warrior closely misses you.
Unknown command.
The orc warrior hits you with a +0 halberd!
* * * LOW HITPOINT WARNING * * *
There is an open door, spattered with blood here.
Items here: ( ))) [ ÷ †.
You closely miss the orc warrior. The orc warrior closely misses you.
The orc warrior barely misses you.
You hit the orc warrior but do no damage.
The orc warrior is poisoned.
The orc warrior hits you with a +0 halberd!
You die...

#..♣.♣......##
#..P...♣.....# ###
#...♣♣♣......# #..
#######♣.♣...# #..
#.....#♣.....## #..
#.....#♣..♣...# ###
#.....#....P..##
#''######♣.....###
#.o@....'........###
#..#))>.')..........
#..#..).)...........
#..######.[.........
#.)# [..#♣..........
#.[# ...#♣.♣........
#..#....#♣♣.........
#(.#....#♣.♣........
#(.#....#...P.....#.


You could see an orc warrior (very poisoned).

Vanquished Creatures
  A sky beast (D:5)
  An ice beast (D:6)
  An orc warrior (D:6)
  An ogre (D:5)
  2 centaurs
  A phantom (D:5)
  3 gnoll sergeants (D:6)
  A howler monkey (D:5)
  4 hounds
  A jelly (D:5)
  4 orc priests
  3 iguanas
  5 orc wizards
  10 gnolls (D:6)
  8 adders
  A white imp (D:5)
  6 ufetubi
  3 worms
  3 dart slugs
  11 orcs
  9 endoplasms
  5 giant cockroaches
  5 goblins
  12 hobgoblins
  6 jackals (D:1)
  9 quokkas
  9 ball pythons
  5 bats
  21 kobolds
  4 rats
155 creatures vanquished.

Vanquished Creatures (others)
  34 plants (D:6)
  7 toadstools (D:1)
41 creatures vanquished.

Grand Total: 196 creatures vanquished

Notes
Turn   | Place    | Note
-------+----------+-------------------------------------------
     0 | D:1      | tilp the Draconian Hedge Wizard began the quest for the
                  | Orb.
     0 | D:1      | Reached XP level 1. HP: 14/14 MP: 4/4
   428 | D:1      | Reached XP level 2. HP: 21/22 MP: 6/6
   506 | D:1      | Reached skill level 1 in Fighting
  1088 | D:1      | Reached XP level 3. HP: 29/29 MP: 7/7
  1104 | D:1      | Learned a level 1 spell: Slow
  1107 | D:1      | Learned a level 2 spell: Blink
  1776 | D:2      | Found a glowing golden altar of the Shining One.
  2595 | D:3      | Reached XP level 4. HP: 36/36 MP: 8/8
  3717 | D:4      | Noticed a black bear
  3767 | D:4      | Reached skill level 1 in Throwing
  3767 | D:4      | Reached skill level 1 in Hexes
  3991 | D:4      | You fall into a shaft and drop 3 floors!
  3997 | D:7      | Noticed a phantom
  4046 | D:5      | Entered Level 5 of the Dungeon
  4051 | D:5      | Noticed a sky beast
  4090 | D:5      | Killed a sky beast
  4091 | D:5      | Reached XP level 5. HP: 27/42 MP: 9/9
  4284 | D:5      | Noticed an ogre
  4285 | D:5      | Reached XP level 6. HP: 29/50 MP: 10/10
  4401 | D:5      | Found a glowing drain.
  4457 | Sewer    | Entered a sewer
  4705 | Sewer    | Noticed Grinder
  4728 | Sewer    | Found an ancient bone altar of Kikubaaqudgha.
  4954 | D:5      | HP: 2/51 [centaur/arrow (12)]
  5443 | D:4      | Found a blossoming altar of Fedhas.
  6228 | D:5      | Noticed a water moccasin
  6287 | D:5      | Your scales start taking on an icy white colour.
  6287 | D:5      | Reached XP level 7. HP: 22/58 MP: 11/11
  6287 | D:5      | Gained mutation: Your flesh is cold resistant. (rC+) [White
                  | Draconian growth]
  8010 | D:6      | Identified the +9 whip of the Twisting Wolf {venom, *Noise
                  | rF+++}
  8144 | D:6      | Reached XP level 8. HP: 33/67 MP: 12/12
  8975 | D:6      | Reached skill level 5 in Fighting
  9478 | D:6      | Reached skill level 5 in Conjurations
 10000 | D:6      | HP: 2/69 [orc warrior/+0 halberd (16)]
 10002 | D:6      | Mangled by an orc warrior

Illustrated notes

Levels and vault maps discovered:
D:1:      nagdon_arrival_double_spiral, layout_rooms
D:2:      layout_basic, basic_altar
D:3:      layout_loops_corners
D:4:      layout_loops_ring, fedhas_altar_4, minivault_25
D:5:      minmay_skewed_foursquare, layout_loops_ring, gup_sewer_entry_pipe
D:6:      kennysheep_housing_project, layout_rooms
D:7:      layout_loops_corners, minmay_temple_entry_statues_pillars

Skill      XL: |  1  2  3  4  5  6  7  8 |
---------------+-------------------------+-----
Dodging        | 2 3 4 |  4.0
Stealth        | 2 3 |  3.7
Fighting       | 1 2 3 4 5 |  5.4
Conjurations   | 2 3 4 5 |  5.2
Throwing       | 1 2 3 |  3.5
Hexes          | 1 2 |  2.0
Translocations | 2 3 4 |  4.0
Spellcasting   | |  3.0
Summonings     | |  1.0

Action                   |  1- 3 |  4- 6 |  7- 9 || total
-------------------------+-------+-------+-------++-------
Melee: Dagger            |    21 |    52 |       ||    73
       Tailslap          |     4 |    33 |    26 ||    63
       Spear             |       |   205 |   135 ||   340
       Punch             |       |     2 |     5 ||     7
       Whip              |       |       |   107 ||   107
Throw: Dart              |       |     1 |     4 ||     5
       Stone             |       |       |     1 ||     1
 Cast: Magic Dart        |    97 |    42 |    21 ||   160
       Blink             |       |     1 |       ||     1
  Use: Scroll            |     5 |     8 |     3 ||    16
       Potion            |       |     6 |       ||     6
 Stab: Sleeping          |       |     6 |     4 ||    10
Armor: Skin              |    19 |   106 |    88 ||   213
Dodge: Dodged            |    24 |   144 |   145 ||   313

Table legend: (Time is in decaauts)
 A = Elapsed time spent in this place.
 B = Non-inter-level travel time spent in this place.
 C = Inter-level travel time spent in this place.
 D = Time resting spent in this place.
 E = Time spent auto-exploring this place.
 F = Levels seen in this place.
 G = Mean time per level.
                   A        B        C        D        E       F      G
               +--------+--------+--------+--------+--------+-----+--------+
         Total |  10042 |   9746 |    296 |   2741 |   5436 |   8 | 1255.2 |
       Dungeon |   9722 |   9426 |    296 |   2619 |   5366 |   7 | 1388.9 |
         Sewer |    319 |    319 |      0 |    122 |     69 |   1 |  319.0 |
               +--------+--------+--------+--------+--------+-----+--------+

Top non-repeatable levels by time:
     D:5: 2828 daAuts
     D:6: 2103 daAuts
     D:1: 1349 daAuts
     D:2: 1222 daAuts
     D:3: 1127 daAuts
     D:4: 1077 daAuts
   Sewer: 319 daAuts
     D:7: 13 daAuts
